[Event "December 12 Late 2023"]
[Site "https://www.chess.com"]
[Date "2023.12.12"]
[Round "3"]
[White "Haraguchi, Diego Sashaki"]
[Black "Santos Flores, Alberto"]
[Result "1-0"]
[Board "91"]
[TimeControl "180+1"]
[WhiteFideId "22729925"]
[BlackFideId "3601234"]
[WhiteElo "2383"]
[BlackElo "2561"]
[WhiteTeam "BRA"]
[BlackTeam "ECU"]
[WhiteClock "0:00:06"]
[BlackClock "0:00:25"]

1. d4 Nf6 2. c4 d6 3. Nf3 g6 4. Nc3 Bf5 5. Nd2 e5 6. d5 e4 7. Nb3 Qe7 8. Nd4 Bd7 9. g3 Bg7 10. Bg2 O-O 11. O-O a5 12. Bg5 Qe5 13. Bf4 Qe7 14. Qd2 Re8 15. Rac1 Na6 16. a3 a4 17. Ndb5 Bxb5 18. Nxb5 Nc5 19. Nd4 Nfd7 20. Rcd1 Qf6 21. Nb5 Rac8 22. Rb1 Ne5 23. Bh3 Ned7 24. Be3 Qd8 25. Bxc5 dxc5 26. Qa5 Nb6 27. Bxc8 Qxc8 28. Nd6 cxd6 29. Qxb6 Qd7 30. e3 h5 31. h4 Be5 32. Kg2 Re7 33. b4 axb3 34. Rxb3 Qg4 35. Qd8+ Kg7 36. Qxe7 Qf3+ 37. Kh2 Qe2 38. Rbb1 Qxc4 39. Kg2 Qxd5 40. Rxb7 Bf6 41. Qd7 c4 42. Rd1 1-0

[Event "December 12 Late 2023"]
[Site "https://www.chess.com"]
[Date "2023.12.12"]
[Round "3"]
[White "Kashefi, Amir Hosein"]
[Black "Storn, Justin"]
[Result "1-0"]
[Board "92"]
[TimeControl "180+1"]
[WhiteFideId "12557935"]
[BlackFideId "30922720"]
[WhiteElo "2558"]
[BlackElo "2363"]
[WhiteTeam "IRI"]
[BlackTeam "USA"]
[WhiteClock "0:00:37"]
[BlackClock "0:00:05"]

1. d4 Nf6 2. Nf3 e6 3. Bf4 d5 4. e3 Bd6 5. Bg3 O-O 6. Nbd2 c5 7. c3 Nc6 8. Bd3 b6 9. Ne5 Qc7 10. f4 Bb7 11. Bh4 Ne4 12. Bxe4 dxe4 13. Nxe4 Be7 14. Bxe7 Qxe7 15. Ng3 Nxe5 16. fxe5 Bxg2 17. Rg1 Bc6 18. Qg4 g6 19. Nh5 cxd4 20. Nf6+ Kg7 21. exd4 b5 22. Qh4 Rh8 23. O-O-O b4 24. Nh5+ Kf8 25. Nf6 Kg7 26. Rd3 bxc3 27. Rxc3 Bb7 28. Rgg3 Rac8 29. Rh3 Rxc3+ 30. Rxc3 h6 31. Nh5+ Kf8 32. Qxe7+ Kxe7 33. Rc7+ Kd8 34. Rxb7 Kc8 35. Rxa7 Kb8 36. Rxf7 gxh5 37. Rf6 Rd8 38. Rxe6 Rxd4 39. Rxh6 Rh4 40. e6 Kc7 41. Rh7+ Kd6 42. e7 Kd7 43. a4 Rxa4 44. Rxh5 Kxe7 45. Kc2 Rg4 46. Kb3 Kd6 47. Ka3 Kc6 48. b3 Kb6 49. Rh3 Rf4 50. Rg3 Rh4 51. h3 Kb5 52. Kb2 Kc5 53. Rc3+ Kb5 54. Kc2 Kb4 55. Kd2 Ka3 56. Rg3 Kb2 57. Ke2 Ka3 58. Kf2 Rf4+ 59. Rf3 Rd4 60. Kg3 Kb4 61. h4 Rd5 62. Kg4 1-0

[Event "December 12 Late 2023"]
[Site "https://www.chess.com"]
[Date "2023.12.12"]
[Round "3"]
[White "Khokhlova, Daria"]
[Black "Dragomirescu, Robin-Alexandru"]
[Result "0-1"]
[Board "93"]
[TimeControl "180+1"]
[WhiteFideId "24182729"]
[BlackFideId "1213849"]
[WhiteElo "2362"]
[BlackElo "2553"]
[WhiteTeam "FID"]
[BlackTeam "ROU"]
[WhiteClock "0:00:10"]
[BlackClock "0:00:21"]

1. d4 Nf6 2. c4 e6 3. g3 d5 4. Nf3 Bb4+ 5. Bd2 Bxd2+ 6. Qxd2 Nc6 7. Qc2 dxc4 8. Qxc4 Qd5 9. Qd3 e5 10. dxe5 Qa5+ 11. Nc3 Nxe5 12. Qe3 Ng4 13. Qe4 O-O 14. h3 Nxf3+ 15. Qxf3 Ne5 16. Qf4 Re8 17. O-O-O Be6 18. Kb1 Rad8 19. Bg2 c6 20. Rd4 Rxd4 21. Qxd4 Rd8 22. Qf4 Nc4 23. Be4 Qb4 24. Qc1 Nd2+ 25. Ka1 Nxe4 26. Rd1 Rxd1 27. Qxd1 h6 28. Qd8+ Kh7 29. Qd3 Bf5 30. g4 Bg6 31. a3 Nxc3 32. Qe3 Qb3 33. Qxc3 Qxc3 34. bxc3 Kg8 35. Kb2 Kf8 36. Kb3 Ke7 37. Kb4 Kd6 38. c4 c5+ 39. Kc3 Be4 40. f3 Bc6 41. h4 Ke5 42. e3 g5 43. hxg5 hxg5 44. Kd3 f6 45. Kc3 Bxf3 46. Kd3 Bxg4 47. e4 Bf3 48. Ke3 Bxe4 49. Kd2 f5 50. Kc3 f4 0-1

[Event "December 12 Late 2023"]
[Site "https://www.chess.com"]
[Date "2023.12.12"]
[Round "3"]
[White "Play, Gilles"]
[Black "Gerola, Fausto"]
[Result "1-0"]
[Board "94"]
[TimeControl "180+1"]
[WhiteFideId "45130892"]
[BlackFideId "845175"]
[WhiteElo "2551"]
[BlackElo "2347"]
[WhiteTeam "FRA"]
[BlackTeam "ITA"]
[WhiteClock "0:02:27"]
[BlackClock "0:01:46"]

1. f4 e5 2. fxe5 d6 3. exd6 Bxd6 4. Nf3 Nf6 5. d4 O-O 6. e3 Ng4 7. Bd3 Nc6 8. O-O Re8 9. e4 Nb4 10. e5 Nxd3 11. Qxd3 Bf8 12. Ng5 f5 13. Qc4+ Be6 14. Nxe6 b5 15. Qb3 Qh4 16. Ng5+ Kh8 17. Nf7+ Kg8 18. Nh6+ Kh8 19. Qg8# 1-0

[Event "December 12 Late 2023"]
[Site "https://www.chess.com"]
[Date "2023.12.12"]
[Round "3"]
[White "Miranda, Rafael"]
[Black "Munoz Sanchez, Miguel"]
[Result "1-0"]
[Board "95"]
[TimeControl "180+1"]
[WhiteFideId "130990"]
[BlackFideId "3600734"]
[WhiteElo "2551"]
[BlackElo "2345"]
[WhiteTeam "ARG"]
[BlackTeam "ECU"]
[WhiteClock "0:01:22"]
[BlackClock "0:00:42"]

1. e4 e6 2. d4 d5 3. Nd2 Nc6 4. Ngf3 Nf6 5. e5 Nd7 6. c3 f6 7. Bb5 Be7 8. O-O O-O 9. Re1 fxe5 10. dxe5 a6 11. Bd3 Nc5 12. Bc2 a5 13. Nb3 Nxb3 14. axb3 Bd7 15. Qd3 g6 16. Ra4 Be8 17. h4 Bf7 18. Rg4 Kh8 19. Bh6 Rg8 20. Ng5 Qe8 21. Rf4 Nd8 22. Qf3 Bxg5 23. Bxg5 Rf8 24. Bf6+ Kg8 25. Qe3 g5 26. Rg4 Bg6 27. Rxg5 Rxf6 28. exf6 Kf7 29. Rxg6 hxg6 30. Bxg6+ Kxf6 31. Qg5+ 1-0

[Event "December 12 Late 2023"]
[Site "https://www.chess.com"]
[Date "2023.12.12"]
[Round "3"]
[White "Keleberda, Tymur"]
[Black "Mazzilli, Piero"]
[Result "1-0"]
[Board "96"]
[TimeControl "180+1"]
[WhiteFideId "14174294"]
[BlackFideId "807087"]
[WhiteElo "2546"]
[BlackElo "2335"]
[WhiteTeam "CAN"]
[BlackTeam "ITA"]
[WhiteClock "0:01:29"]
[BlackClock "0:00:21"]

1. e4 c5 2. Nf3 d6 3. c3 Nf6 4. h3 g6 5. Bd3 Bg7 6. Bc2 O-O 7. d4 b6 8. O-O Bb7 9. Qe2 cxd4 10. cxd4 Ba6 11. Bd3 Bxd3 12. Qxd3 d5 13. e5 Ne4 14. Bf4 Nc6 15. Nbd2 Nxd2 16. Qxd2 Rc8 17. Bh6 Qd7 18. Bxg7 Kxg7 19. b4 a5 20. b5 Na7 21. a4 Rc4 22. Rfe1 Qf5 23. Nh4 Qh5 24. g3 Rfc8 25. Rec1 e6 26. Rxc4 Rxc4 27. Qf4 Qf5 28. Nxf5+ 1-0

[Event "December 12 Late 2023"]
[Site "https://www.chess.com"]
[Date "2023.12.12"]
[Round "3"]
[White "Shapiro, Viktor"]
[Black "Rose, Felix"]
[Result "0-1"]
[Board "97"]
[TimeControl "180+1"]
[WhiteFideId "4175700"]
[BlackFideId "5105722"]
[WhiteElo "2536"]
[BlackElo "2323"]
[WhiteTeam "RUS"]
[BlackTeam "MEX"]
[WhiteClock "0:00:11"]
[BlackClock "0:00:23"]

1. c4 e6 2. Nc3 d5 3. d4 Nf6 4. Nf3 Be7 5. Bg5 Nbd7 6. e3 h6 7. Bh4 O-O 8. Qc2 c5 9. dxc5 Nxc5 10. Rd1 Qa5 11. cxd5 Nxd5 12. Rxd5 exd5 13. Bxe7 Re8 14. Bxc5 Qxc5 15. Be2 Bg4 16. Nd4 Bxe2 17. Qxe2 a6 18. O-O b5 19. Rd1 b4 20. Na4 Qc7 21. Qd2 a5 22. Rc1 Qe5 23. Nb6 Ra6 24. Rc6 Qe4 25. Qc1 h5 26. h3 h4 27. a3 g6 28. Qf1 Ra7 29. a4 Rb7 30. Nb5 d4 31. Nxd4 Rd8 32. Qc4 Qb1+ 33. Kh2 Qxb2 34. Rxg6+ Kf8 35. Rf6 Qc3 36. Ne6+ Ke7 37. Qxh4 Qxf6 38. Qxf6+ Kxf6 39. Nxd8 Rxb6 0-1

[Event "December 12 Late 2023"]
[Site "https://www.chess.com"]
[Date "2023.12.12"]
[Round "3"]
[White "Asish Panda"]
[Black "Marcziter, Dmitrii"]
[Result "1-0"]
[Board "98"]
[TimeControl "180+1"]
[WhiteFideId "45012458"]
[BlackFideId "13900765"]
[WhiteElo "2536"]
[BlackElo "2319"]
[WhiteTeam "IND"]
[BlackTeam "GER"]
[WhiteClock "0:00:38"]
[BlackClock "0:00:00"]

1. e4 c5 2. Nf3 a6 3. c3 d5 4. exd5 Qxd5 5. d4 Nf6 6. Na3 cxd4 7. cxd4 Bg4 8. Nc4 e6 9. Be2 Bb4+ 10. Bd2 Bxd2+ 11. Qxd2 Bxf3 12. gxf3 Nbd7 13. Qb4 O-O-O 14. Nd6+ Kb8 15. Bxa6 Nb6 16. Nxf7 Qxf3 17. Rf1 Qe4+ 18. Be2 Rxd4 19. Qxb6 Nd5 20. Qd6+ Ka8 21. Qa3+ Kb8 22. Qf3 Qc2 23. Qg3+ Ka8 24. Qa3+ Kb8 25. Rg1 Qd2+ 26. Kf1 Nf4 27. Qe3 Qd1+ 28. Rxd1 Rxd1+ 29. Bxd1 1-0

[Event "December 12 Late 2023"]
[Site "https://www.chess.com"]
[Date "2023.12.12"]
[Round "3"]
[White "Mejia, Cherry Ann"]
[Black "Silva, Kaua Marques"]
[Result "0-1"]
[Board "99"]
[TimeControl "180+1"]
[WhiteFideId "5206880"]
[BlackFideId "22701168"]
[WhiteElo "2278"]
[BlackElo "2535"]
[WhiteTeam "PHI"]
[BlackTeam "BRA"]
[WhiteClock "0:00:27"]
[BlackClock "0:01:13"]

1. e4 e6 2. d4 d5 3. Bd3 dxe4 4. Bxe4 Nf6 5. Bf3 c5 6. Be3 Nc6 7. Ne2 Nd5 8. Bxd5 Qxd5 9. O-O cxd4 10. Nxd4 Nxd4 11. Bxd4 Bd7 12. Nc3 Qf5 13. Qe2 Bc6 14. Rad1 Be7 15. Qe5 Qxe5 16. Bxe5 f6 17. Bd6 Rd8 18. Bxe7 Kxe7 19. f4 b5 20. a3 a5 21. Kf2 Rb8 22. b4 Ra8 23. Rfe1 Rhc8 24. Re3 Kf7 25. Rd6 axb4 26. axb4 Ra3 27. Rdxe6 Rxc3 28. Re7+ Kf8 29. Rxg7 Rxe3 30. Rxh7 Ree8 0-1

[Event "December 12 Late 2023"]
[Site "https://www.chess.com"]
[Date "2023.12.12"]
[Round "3"]
[White "Roberson, Peter T"]
[Black "Golubenko, Valentina"]
[Result "1-0"]
[Board "100"]
[TimeControl "180+1"]
[WhiteFideId "412384"]
[BlackFideId "4501993"]
[WhiteElo "2535"]
[BlackElo "2270"]
[WhiteTeam "ENG"]
[BlackTeam "CRO"]
[WhiteClock "0:00:04"]
[BlackClock "0:00:00"]

1. Nc3 d5 2. e4 d4 3. Nce2 c5 4. Ng3 Nc6 5. Bc4 e6 6. a4 Nf6 7. d3 Be7 8. f4 h5 9. e5 Ng4 10. Nxh5 Rxh5 11. Qxg4 g6 12. Nf3 Nb4 13. Bb3 c4 14. dxc4 d3 15. O-O Bc5+ 16. Kh1 dxc2 17. Bd2 Nd3 18. Bxc2 Nf2+ 19. Rxf2 Bxf2 20. Bxg6 Rh8 21. Be4 Qe7 22. a5 Bd7 23. Bxb7 Rb8 24. a6 Bc8 25. Qg7 Rf8 26. Bxc8 Rxc8 27. Ng5 Bb6 28. Nh7 Rxc4 29. Rd1 Rd4 30. g3 Ba5 31. Bxa5 Rxd1+ 32. Kg2 Kd7 33. Nxf8+ Kc6 34. Bc3 Qc5 35. Qxf7 Rg1+ 36. Kh3 Qd5 37. Qxe6+ Qxe6+ 38. Nxe6 Kb5 39. Nc7+ Kc4 40. e6 1-0

[Event "December 12 Late 2023"]
[Site "https://www.chess.com"]
[Date "2023.12.12"]
[Round "3"]
[White "Dong, Kyle Qiyu"]
[Black "Silva Lucena, Cristian"]
[Result "0-1"]
[Board "101"]
[TimeControl "180+1"]
[WhiteFideId "30977380"]
[BlackFideId "2232588"]
[WhiteElo "2268"]
[BlackElo "2533"]
[WhiteTeam "USA"]
[BlackTeam "ESP"]
[WhiteClock "0:00:07"]
[BlackClock "0:00:12"]

1. e4 c5 2. Nc3 a6 3. d4 cxd4 4. Qxd4 Nc6 5. Qe3 e6 6. Bd2 Nf6 7. O-O-O b5 8. Nd5 Bb7 9. Bc3 Be7 10. Nxe7 Qxe7 11. f3 b4 12. Bd2 d5 13. e5 Nd7 14. f4 d4 15. Qg3 g6 16. Nf3 Nc5 17. Qe1 a5 18. Bb5 Rc8 19. Nxd4 O-O 20. Nxc6 Bxc6 21. Bxc6 Rxc6 22. Kb1 Rb8 23. Qe3 Na4 24. Qb3 Nc5 25. Qf3 Qc7 26. Rc1 Na4 27. g4 Nc3+ 28. Ka1 Nd5 29. Qd3 a4 30. f5 Rd8 31. Qh3 Rxc2 32. f6 Rxc1+ 33. Rxc1 Qxe5 34. g5 a3 35. Rb1 h5 36. gxh6 Kh7 37. Qb3 axb2+ 38. Qxb2 Nc3 39. Rc1 Rxd2 40. Qxd2 Ne2+ 41. Qb2 Qxb2+ 42. Kxb2 Nxc1 43. Kxc1 Kxh6 44. Kc2 e5 45. Kb3 Kg5 46. Kxb4 Kxf6 47. a4 Ke6 48. Kc5 Kd7 49. Kd5 f6 50. a5 Kc7 51. Kc5 Kb7 52. Kb5 e4 53. Kc4 f5 54. Kd4 Ka6 55. Ke3 Kxa5 56. h4 Kb5 57. Kf4 Kc4 58. Ke3 Kd5 59. Kf4 Ke6 60. Ke3 Ke5 0-1

[Event "December 12 Late 2023"]
[Site "https://www.chess.com"]
[Date "2023.12.12"]
[Round "3"]
[White "Tikhonov, Viacheslav"]
[Black "Osmonbekov, Talaibek"]
[Result "0-1"]
[Board "102"]
[TimeControl "180+1"]
[WhiteFideId "44196407"]
[BlackFideId "2017253"]
[WhiteElo "2530"]
[BlackElo "2266"]
[WhiteTeam "RUS"]
[BlackTeam "USA"]
[WhiteClock "0:00:00"]
[BlackClock "0:00:11"]

1. e4 c5 2. Nf3 d6 3. Nc3 e5 4. Bc4 Be7 5. d3 Nc6 6. a4 Nf6 7. h3 O-O 8. O-O Be6 9. Be3 h6 10. Nd5 Qd7 11. c3 Bd8 12. Qc2 Rc8 13. Rfe1 Bxd5 14. exd5 Ne7 15. Qb3 g5 16. Nd2 Ng6 17. Ne4 Nh5 18. Bb5 Qe7 19. Qd1 Nhf4 20. g3 f5 21. Nxc5 dxc5 22. d6 Qxd6 23. gxf4 gxf4 24. Bc4+ Kh7 25. Bd2 Rc7 26. Qh5 Rg7 27. Kh2 e4 28. Kh1 Qc6 29. Rg1 e3+ 30. f3 exd2 31. Bb5 Qf6 32. Rad1 Qh4 33. Qxh4 Nxh4 34. Rxg7+ Kxg7 35. Rxd2 Nxf3 36. Rf2 Ng5 37. Rxf4 Nxh3 38. Rh4 Bxh4 39. Kg2 Ng5 40. a5 f4 41. a6 f3+ 42. Kf1 bxa6 43. Bxa6 Re8 0-1

[Event "December 12 Late 2023"]
[Site "https://www.chess.com"]
[Date "2023.12.12"]
[Round "3"]
[White "Rama, Tejas"]
[Black "Cooper, Aaron"]
[Result "1-0"]
[Board "103"]
[TimeControl "180+1"]
[WhiteFideId "30907381"]
[BlackFideId "2634945"]
[WhiteElo "2528"]
[BlackElo "2262"]
[WhiteTeam "USA"]
[BlackTeam "CAN"]
[WhiteClock "0:00:12"]
[BlackClock "0:00:02"]

1. d4 d5 2. c4 e6 3. Nf3 Nf6 4. Nc3 Nbd7 5. Bf4 c6 6. e3 Nh5 7. Bg5 Be7 8. Bxe7 Qxe7 9. Bd3 g6 10. O-O O-O 11. e4 dxe4 12. Nxe4 Ndf6 13. Re1 Nxe4 14. Rxe4 b6 15. Qd2 Rd8 16. Rh4 Ba6 17. Qh6 Nf6 18. Ne5 Qf8 19. Qxf8+ Rxf8 20. Nxc6 Kg7 21. b3 Rac8 22. Nxa7 Rc7 23. Nb5 Bxb5 24. cxb5 Rd8 25. Rd1 Rcd7 26. Bc4 Nd5 27. Rh3 Nb4 28. a3 Nc2 29. Rhd3 Nxa3 30. f3 Rc7 31. d5 exd5 32. Rxd5 Rxd5 33. Rxd5 Nxc4 34. bxc4 Rxc4 35. Rd6 Rc1+ 36. Kf2 Rc2+ 37. Kg3 Rb2 38. Rxb6 h5 39. h4 Rb4 40. Rb7 Rb3 41. b6 Rb4 42. Rb8 Rb5 43. Kf4 Rb4+ 44. Ke5 Rb2 45. b7 Re2+ 46. Kd6 Rb2 47. Kc6 Kf6 48. Re8 g5 49. hxg5+ Kxg5 50. b8=Q Rxb8 51. Rxb8 h4 52. Rb2 f5 53. Kd5 Kf4 54. Ke6 Kg3 55. Kxf5 h3 56. gxh3 Kxh3 57. f4 1-0

[Event "December 12 Late 2023"]
[Site "https://www.chess.com"]
[Date "2023.12.12"]
[Round "3"]
[White "Ferreira, Vitor Hugo Vieira"]
[Black "Awoki, Daniel Teidi"]
[Result "1-0"]
[Board "104"]
[TimeControl "180+1"]
[WhiteFideId "2119765"]
[BlackFideId "2100827"]
[WhiteElo "2527"]
[BlackElo "2249"]
[WhiteTeam "BRA"]
[BlackTeam "BRA"]
[WhiteClock "0:00:23"]
[BlackClock "0:00:05"]

1. c4 e5 2. g3 Nf6 3. Bg2 d5 4. cxd5 Nxd5 5. Nf3 Nc6 6. O-O Nb6 7. Nc3 Be7 8. a3 O-O 9. b4 Re8 10. Bb2 a5 11. b5 Nd4 12. e3 Nxf3+ 13. Bxf3 a4 14. d3 Bf8 15. Qc2 Ra5 16. Rac1 f5 17. Rfd1 Kh8 18. Bg2 Be6 19. Qe2 Bb3 20. Rd2 Nd5 21. Nxd5 Bxd5 22. Bxd5 Qxd5 23. Rxc7 Rxb5 24. e4 Qd8 25. Rc4 Qa5 26. Rdc2 Bc5 27. exf5 b6 28. Kg2 Qa8+ 29. Qe4 Qxe4+ 30. Rxe4 Rb3 31. Bxe5 Kg8 32. Rce2 Rxa3 33. d4 Bf8 34. d5 b5 35. d6 Rd3 36. Rb2 Rd5 37. d7 Rxd7 38. Rxb5 a3 39. f3 Ra7 40. Rb1 a2 41. Ra1 Rea8 42. Re2 Kf7 43. g4 Be7 44. Bd4 Ra6 45. Bxg7 Kxg7 46. Rxe7+ Kf6 47. Re2 Kg5 48. Kg3 Kf6 49. h4 Kf7 50. g5 Ra3 51. f6 Kg6 52. Kg4 R3a4+ 53. f4 R8a7 54. h5+ Kf7 55. Kf5 R4a5+ 56. Re5 Ra4 57. g6+ hxg6+ 58. hxg6+ Kf8 59. Rh1 Kg8 60. Re8# 1-0

[Event "December 12 Late 2023"]
[Site "https://www.chess.com"]
[Date "2023.12.12"]
[Round "3"]
[White "Clarke, Matthew"]
[Black "Rogov, Matfey"]
[Result "0-1"]
[Board "105"]
[TimeControl "180+1"]
[WhiteFideId "3227804"]
[BlackFideId "44191308"]
[WhiteElo "2227"]
[BlackElo "2525"]
[WhiteTeam "AUS"]
[BlackTeam "RUS"]
[WhiteClock "0:00:02"]
[BlackClock "0:00:42"]

1. d4 e6 2. c4 f5 3. g3 Nf6 4. Bg2 d5 5. Nf3 c6 6. O-O Bd6 7. b3 Qe7 8. Bf4 Bxf4 9. gxf4 O-O 10. Ne5 Bd7 11. Nd2 Be8 12. e3 Bh5 13. Qc2 a5 14. a3 Nbd7 15. Ndf3 Bxf3 16. Bxf3 Kh8 17. Kh1 Nxe5 18. fxe5 Ne4 19. Bg2 Qh4 20. Kg1 Rac8 21. f3 Ng5 22. Qf2 Qh6 23. h4 Nf7 24. f4 Qg6 25. Kh1 Nh6 26. Bf3 Ng4 27. Bxg4 fxg4 28. Qg3 Qe4+ 29. Kh2 h5 30. Rf2 a4 31. cxd5 cxd5 32. bxa4 Rc3 33. Re1 Rfc8 34. f5 Rc1 35. Rxc1 Rxc1 36. Qg2 g3+ 37. Kxg3 Qg4+ 38. Kh2 Qxh4+ 0-1

[Event "December 12 Late 2023"]
[Site "https://www.chess.com"]
[Date "2023.12.12"]
[Round "3"]
[White "Bullen, Alex"]
[Black "Kopczynski, Michal"]
[Result "0-1"]
[Board "106"]
[TimeControl "180+1"]
[WhiteFideId "1801627"]
[BlackFideId "1124200"]
[WhiteElo "2215"]
[BlackElo "2524"]
[WhiteTeam "WLS"]
[BlackTeam "POL"]
[WhiteClock "0:00:30"]
[BlackClock "0:00:59"]

1. a4 e5 2. c3 d5 3. d4 Nc6 4. dxe5 Nxe5 5. Bf4 Ng6 6. Bg3 h5 7. h3 Nh6 8. e3 Nf5 9. Bh2 Bd6 10. Bxd6 Qxd6 11. Nf3 Bd7 12. Nbd2 O-O-O 13. a5 Rde8 14. Be2 Ngh4 15. Nxh4 Nxh4 16. O-O g5 17. a6 b6 18. Nf3 Nxf3+ 19. Bxf3 c6 20. c4 g4 21. Be2 gxh3 22. cxd5 hxg2 23. Re1 c5 24. Bf3 h4 25. Bxg2 h3 26. Bf3 Reg8+ 27. Kh1 Rg2 28. Bxg2 hxg2+ 29. Kxg2 Qh2+ 30. Kf3 Qh3+ 31. Ke2 Bg4+ 32. Kd2 Bxd1 33. Raxd1 Qf3 34. Kc3 Qxf2 35. e4 Rh3+ 36. Kc4 Qc2+ 37. Kb5 Kd7 38. e5 Qb3# 0-1

[Event "December 12 Late 2023"]
[Site "https://www.chess.com"]
[Date "2023.12.12"]
[Round "3"]
[White "Osmak, Yuliia"]
[Black "Jing, Andrew"]
[Result "1-0"]
[Board "107"]
[TimeControl "180+1"]
[WhiteFideId "14101602"]
[BlackFideId "30984076"]
[WhiteElo "2521"]
[BlackElo "2184"]
[WhiteTeam "UKR"]
[BlackTeam "USA"]
[WhiteClock "0:00:14"]
[BlackClock "0:01:43"]

1. e4 e5 2. Nf3 Nc6 3. Nc3 Nf6 4. Bb5 Nd4 5. O-O c6 6. Bc4 d6 7. Nxd4 exd4 8. Ne2 Nxe4 9. Nxd4 d5 10. Bd3 Bc5 11. Nb3 Bd6 12. Bxe4 dxe4 13. Re1 f5 14. d3 O-O 15. dxe4 fxe4 16. Be3 Bf5 17. Bc5 Bxc5 18. Nxc5 Qb6 19. Nb3 Rad8 20. Qe2 Bg6 21. Qe3 Qxe3 22. Rxe3 b6 23. c3 c5 24. h3 a5 25. Rae1 a4 26. Nc1 Rd2 27. R3e2 Rfd8 28. Kh2 Rxe2 29. Nxe2 Rd2 30. b3 Rxa2 31. bxa4 Rxa4 32. Nf4 Rc4 33. Nd5 b5 34. Rb1 e3 35. Rb2 exf2 36. Rxf2 Bf7 37. Ne7+ Kf8 38. Nf5 Rxc3 39. Nd6 Ke7 40. Nxf7 b4 41. Ne5 b3 42. Nc6+ Kd6 43. Na5 Rc2 44. Rf8 b2 45. Rb8 c4 46. Rxb2 Rc3 47. Rb1 Rc2 48. Rb4 c3 49. Rc4 Kd5 50. Rc8 Kd4 51. Nb3+ Kd3 52. Nc5+ Kd2 53. Ne4+ Ke3 54. Nxc3 Kd3 55. Rc7 Rxc3 56. Rxg7 h5 57. Rg3+ Kd4 58. Rxc3 Kxc3 59. Kg3 Kd4 60. Kh4 Ke5 61. Kxh5 Kf6 62. g4 Kg7 63. g5 Kh7 64. h4 Kg7 65. Kg4 Kh7 66. h5 Kg7 67. h6+ Kh7 68. Kh5 Kg8 69. g6 Kh8 70. g7+ Kh7 71. Kg5 Kg8 72. Kf6 Kh7 73. Kf7 Kxh6 74. g8=Q Kh5 75. Kf6 Kh4 76. Kf5 Kh3 77. Kf4 Kh2 78. Kf3 Kh1 79. Qg2# 1-0

[Event "December 12 Late 2023"]
[Site "https://www.chess.com"]
[Date "2023.12.12"]
[Round "3"]
[White "Lin, Bryan Enming"]
[Black "Tokat, Nehir"]
[Result "1-0"]
[Board "108"]
[TimeControl "180+1"]
[WhiteFideId "30987121"]
[BlackFideId "34557555"]
[WhiteElo "2520"]
[BlackElo "2183"]
[WhiteTeam "USA"]
[BlackTeam "TUR"]
[WhiteClock "0:01:04"]
[BlackClock "0:00:00"]

1. e4 c5 2. Nf3 Nc6 3. d4 cxd4 4. Nxd4 g6 5. c4 Nf6 6. Nc3 d6 7. f3 Nxd4 8. Qxd4 Bg7 9. Be3 a5 10. Be2 a4 11. Rd1 Qa5 12. O-O O-O 13. Qd2 Be6 14. Nd5 Bxd5 15. exd5 Nd7 16. Kf2 Rfc8 17. h4 Ne5 18. Qxa5 Rxa5 19. Rc1 h5 20. Rfd1 Kf8 21. g4 Ke8 22. gxh5 gxh5 23. f4 Ng4+ 24. Bxg4 hxg4 25. Bd4 Bh6 26. Kg3 f5 27. Re1 Kf7 28. Bc3 Rac5 29. b3 axb3 30. axb3 Ra8 31. Re6 Bf8 32. h5 Re8 33. h6 b5 34. Bd4 Rc7 35. Rh1 bxc4 36. b4 c3 37. b5 c2 38. Rc1 Rc4 39. Be3 Rc3 40. Kh4 Rb3 41. Rxc2 Rxb5 42. h7 Bg7 43. Kg5 Rxd5 44. Rg6 Rg8 45. hxg8=Q+ Kxg8 46. Rc7 Kf7 47. Rxe7+ Kxe7 48. Rxg7+ Ke6 49. Rg6+ Kd7 50. Rf6 Rd3 51. Ba7 g3 52. Kxf5 g2 53. Rg6 Ra3 54. Bf2 Ra5+ 55. Ke4 Ra4+ 56. Kf3 Ke7 57. Rxg2 d5 58. Rg5 Ke6 59. Re5+ Kd6 60. Re1 Ra5 61. Bg3 Kd7 62. f5 Ra6 63. Kg4 d4 64. Rd1 Ra4 65. Be5 d3+ 66. Kg5 Ra3 67. Kf6 Ke8 68. Ke6 Kf8 69. Bd6+ 1-0

[Event "December 12 Late 2023"]
[Site "https://www.chess.com"]
[Date "2023.12.12"]
[Round "3"]
[White "BestestBP"]
[Black "Morris-Suzuki, Alan H"]
[Result "0-1"]
[Board "109"]
[TimeControl "180+1"]
[BlackFideId "30933218"]
[WhiteElo "2159"]
[BlackElo "2520"]
[BlackTeam "USA"]
[WhiteClock "0:00:08"]
[BlackClock "0:00:22"]

1. d4 Nf6 2. Nf3 c5 3. d5 b5 4. c4 b4 5. g3 g6 6. Bg2 d6 7. O-O Bg7 8. Re1 O-O 9. e4 Bg4 10. h3 Bxf3 11. Bxf3 Nfd7 12. Bg2 a5 13. a3 Nb6 14. Bf1 N8d7 15. f4 Bd4+ 16. Kh2 e6 17. Qc2 exd5 18. cxd5 Re8 19. axb4 axb4 20. Rxa8 Qxa8 21. Re2 c4 22. Nd2 b3 23. Qd1 Qa1 24. Nf3 Bg7 25. Qe1 Nc5 26. Be3 Qxe1 27. Nxe1 Rxe4 28. Bxc5 Rxe2+ 29. Bxe2 dxc5 30. d6 Kf8 31. Nf3 Bxb2 32. Nd2 c3 33. Nxb3 c2 34. Bd3 c1=Q 35. Nxc1 Bxc1 36. g4 c4 37. Bxc4 Bxf4+ 38. Kg2 Nxc4 39. Kf3 Bxd6 40. Ke4 Ke7 41. Kd5 Ne5 42. g5 Nf3 43. h4 Nxh4 44. Ke4 Nf5 45. Kf3 f6 46. Kg4 fxg5 47. Kxg5 Kf7 48. Kg4 h5+ 49. Kh3 g5 50. Kg2 g4 51. Kh1 h4 52. Kg2 h3+ 53. Kg1 g3 54. Kh1 g2+ 55. Kg1 Bc5+ 56. Kh2 g1=Q+ 57. Kxh3 Qg3# 0-1

[Event "December 12 Late 2023"]
[Site "https://www.chess.com"]
[Date "2023.12.12"]
[Round "3"]
[White "Sherman, Raem"]
[Black "kleong12"]
[Result "1-0"]
[Board "110"]
[TimeControl "180+1"]
[WhiteFideId "2822288"]
[WhiteElo "2520"]
[BlackElo "2153"]
[WhiteTeam "ISR"]
[WhiteClock "0:01:53"]
[BlackClock "0:00:00"]

1. Nf3 d5 2. b3 Nf6 3. Bb2 Bf5 4. e3 e6 5. g3 Be7 6. Bg2 O-O 7. O-O h6 8. d4 Nbd7 9. Nbd2 c6 10. c4 a5 11. a4 Re8 12. Rc1 Ne4 13. Nxe4 Bxe4 14. Nd2 Bxg2 15. Kxg2 Nf6 16. c5 Nd7 17. f4 f5 18. Nf3 Kh7 19. Bc3 Nf6 20. Rf2 Ne4 21. Rb2 b5 22. Ne5 b4 23. Qh5 bxc3 24. Qg6+ Kh8 25. Nf7+ Kg8 26. Nxh6+ Kh8 27. Nf7+ Kg8 28. Nxd8 cxb2 29. Qxe6+ Kh7 30. Qxf5+ Kg8 31. Qf7+ Kh7 32. Qh5+ 1-0

[Event "December 12 Late 2023"]
[Site "https://www.chess.com"]
[Date "2023.12.12"]
[Round "3"]
[White "Karas, Marek"]
[Black "Novikova, Margarita"]
[Result "1-0"]
[Board "111"]
[TimeControl "180+1"]
[WhiteFideId "14928558"]
[BlackFideId "14109689"]
[WhiteElo "2519"]
[BlackElo "2131"]
[WhiteTeam "CZE"]
[BlackTeam "GER"]
[WhiteClock "0:00:07"]
[BlackClock "0:00:00"]

1. d4 e6 2. Nf3 Nf6 3. Bg5 h6 4. Bh4 d5 5. e3 c5 6. c3 Qb6 7. Qb3 Nbd7 8. Nbd2 c4 9. Qc2 g5 10. Bg3 Nh5 11. Be2 Nxg3 12. hxg3 Bg7 13. e4 Nf6 14. e5 Ng8 15. b3 cxb3 16. axb3 Bd7 17. c4 Ne7 18. cxd5 Nxd5 19. Nc4 Qb4+ 20. Nfd2 O-O 21. Kf1 b5 22. Ne4 f5 23. exf6 Nxf6 24. Nxf6+ Rxf6 25. Bf3 Raf8 26. Ne3 Qxd4 27. Rd1 Qe5 28. Rxd7 g4 29. Nxg4 Qa1+ 30. Rd1 Rxf3 31. Rxa1 Rxg3 32. Nxh6+ Bxh6 33. Rxh6 Rg7 34. Rg6 1-0